[Event "Early-Titled-Tuesday-Blitz-September-26-2023"]
[Site "Chess.com"]
[Date "2023.09.26"]
[Round "2"]
[White "YairParkhov"]
[Black "vedantgoswami"]
[Result "1-0"]
[WhiteElo "2609"]
[BlackElo "2361"]
[TimeControl "180+1"]
[EndTime "8:17:48 PDT"]
[Termination "YairParkhov won on time"]

1. e4 Nc6 2. Nc3 e5 3. f4 exf4 4. d4 g5 5. h4 Bg7 6. d5 Ne5 7. Nf3 g4 8. Nd4 f3 9. Nf5 Qf6 10. d6 Nh6 11. Nd5 Qg6 12. h5 f2+ 13. Ke2 Qxf5 14.
exf5 O-O 15. Ne7+ Kh8 16. f6 Bxf6 17. Bxh6 Re8 18. Kxf2 cxd6 19. Nd5 Bd8 20. Qd2 b6 21. Qf4 Bb7 22. Nf6 Re6 23. Bg7+ Kxg7 24. Qg5+ Ng6 25.
Ne8+ Rxe8 26. Qf5 Re6 27. Kg1 Ne5 28. Bd3 Nxd3 29. h6+ Kg8 30. cxd3 Bf6 31. Rf1 Rf8 32. Qxg4+ Kh8 33. Rxf6 Rg8 34. Qf5 Rxg2+ 35. Kf1 Rg6 36. Rxf7 1-0

[Event "Early-Titled-Tuesday-Blitz-September-26-2023"]
[Site "Chess.com"]
[Date "2023.09.26"]
[Round "2"]
[White "JimDiGrease"]
[Black "Druid24"]
[Result "0-1"]
[WhiteElo "2836"]
[BlackElo "2620"]
[TimeControl "180+1"]
[EndTime "8:17:49 PDT"]
[Termination "Druid24 won by resignation"]

1. d4 Nf6 2. c4 e6 3. Bf4 d5 4. Nc3 Bb4 5. e3 O-O 6. a3 Bxc3+ 7. bxc3 c5 8. Nf3 Qa5 9. Qb3 Ne4 10. Rc1 b6 11. cxd5 exd5 12. Bxb8 Rxb8 13. Ne5 c4 14.
Qb2 Qa4 15. Qb4 Qe8 16. f3 f6 17. Nxc4 dxc4 18. Bxc4+ Kh8 19. fxe4 Bb7 20. O-O Qxe4 21. Rf3 f5 22. Qd6 Rbd8 23. Qf4 Qe7 24. Rf2 Qxa3 25. Rcf1 Be4 26. Be6 Qe7 27. Qe5 Rde8 28. Bxf5 Qxe5 29. dxe5 Rxf5 30. Rxf5 Bxf5 31. Rxf5 Kg8 32. e4 g6 33. Rf6 Rxe5 34. Rc6 Rxe4 35. Rc7 a5 36. Rb7 Re6 37.
c4 Rc6 38. Kf2 a4 39. Kf3 Rxc4 40. Rxb6 Rc3+ 41. Kf2 Rc2+ 42. Kg3 a3 43. Ra6 a2 44.
Ra7 Kf8 45. h3 Ke8 46. Kh2 Kd8 47. Kg3 Kc8 48. Kf3 Kb8 49. Ra4 Kb7 50. g4 Kb6 51.
Ke3 Kb5 52. Ra7 Kc4 53. Rc7+ Kb3 54. Rb7+ Kc3 55. Ra7 Kb2 56. Kd3 Rc3+ 57. Kd2 Rb3 0-1

[Event "Early-Titled-Tuesday-Blitz-September-26-2023"]
[Site "Chess.com"]
[Date "2023.09.26"]
[Round "2"]
[White "Kielinkei"]
[Black "ChessArchitect64"]
[Result "1-0"]
[WhiteElo "2477"]
[BlackElo "2247"]
[TimeControl "180+1"]
[EndTime "8:17:49 PDT"]
[Termination "Kielinkei won by checkmate"]

1. c4 Nf6 2. Nc3 e6 3. e3 d5 4. b3 Be7 5. Bb2 O-O 6. Nf3 c5 7. cxd5 exd5 8. d4 Nc6 9. Be2 Bf5 10. O-O Ne4 11. dxc5 Nxc3 12. Bxc3 Bxc5 13. Nd4 Be6 14. Rc1 Bb6 15. Bf3 Ne5 16. Be2 Nc6 17. Qd2 Rc8 18. h3 Qe7 19. Bd3 Nxd4 20. Bxd4 Bxd4 21. exd4 Qa3 22. Bb1 g6 23. h4 a5 24. h5 a4 25.
b4 Rc6 26. h6 Rfc8 27. Rc5 b6 28. Rxc6 Rxc6 29. Bd3 Rc3 30. Be2 Qxb4 31. g3 a3 32. Kh2 Kf8 33. Rc1 Rxc1 34. Qxb4+ Ke8 35. Bb5+ Kd8 36.
Qd6+ Kc8 37. Ba6# 1-0

[Event "Early-Titled-Tuesday-Blitz-September-26-2023"]
[Site "Chess.com"]
[Date "2023.09.26"]
[Round "2"]
[White "Haykoooo0o"]
[Black "Gergo85"]
[Result "1/2-1/2"]
[WhiteElo "2481"]
[BlackElo "2694"]
[TimeControl "180+1"]
[EndTime "8:17:50 PDT"]
[Termination "Game drawn by repetition"]

1. d4 d5 2. Nf3 Nc6 3. Bf4 Bg4 4. Nbd2 e6 5. e3 Bd6 6. Bxd6 cxd6 7. Be2 Nf6 8. O-O O-O 9. c4 Rc8 10. cxd5 Nxd5 11. a3 h6 12. Rc1 Nb6 13. Qb3 Qe7 14. Nc4 Nxc4 15. Qxc4 e5 16. dxe5 Nxe5 17. Qd5 Rc5 18.
Rxc5 dxc5 19. Qxe5 Qxe5 20. Nxe5 Bxe2 21. Re1 Rd8 22.
f3 Rd2 23. Rc1 b6 24. b4 f6 25. Nc4 Ra2 26. bxc5 bxc5 27. Nd6 Rxa3 28. Kf2 Ra2 29. Rxc5 Bd3+ 30. Kg3 a5 31. Rc8+ Kh7 32. Ra8 Bf1 33. e4 Rxg2+ 34. Kf4 Ra2 35. Ra7 Kg8 36. Nf5 g5+ 37. Ke3 Rxh2 38. Rxa5 Bc4 39. Ra8+ Kh7 40.
Ra7+ Kg6 41. Rg7+ Kh5 42. Rh7 Kg6 43. Rg7+ Kh5 44. Rh7 Kg6 45. Rg7+ 1/2-1/2

[Event "Early-Titled-Tuesday-Blitz-September-26-2023"]
[Site "Chess.com"]
[Date "2023.09.26"]
[Round "2"]
[White "PapiPapita"]
[Black "BahadirOzen"]
[Result "0-1"]
[WhiteElo "2585"]
[BlackElo "2807"]
[TimeControl "180+1"]
[EndTime "8:17:51 PDT"]
[Termination "BahadirOzen won by resignation"]

1. d4 g6 2. e4 Bg7 3. Nc3 a6 4. a4 d6 5. Nf3 Nf6 6. Be2 O-O 7. O-O e6 8. Re1 b6 9. e5 dxe5 10. dxe5 Qxd1 11. Bxd1 Nfd7 12. a5 b5 13. Bf4 Bb7 14. Ne4 Bxe4 15. Rxe4 c5 16. c4 Nc6 17.
cxb5 axb5 18. a6 c4 19. b3 Nc5 20. Re3 cxb3 21. Bxb3 Rxa6 22. Rc1 Nxb3 23. Rxb3 Rb8 24. h4 h6 25. g3 b4 26. Rc4 Bf8 27. Rb1 b3 28. Nd2 Na5 29. Ra4 b2 30. Nc4 Nxc4 31.
Rxa6 Na3 32. Rxb2 Rxb2 33. Ra8 Kg7 34. Kg2 Nc4 35. g4 Nb6 36. Rb8 Na4 37. Ra8 Nc3 38. Be3 Nd5 39. Bd4 Rb4 40. Rxf8 Rxd4 0-1

[Event "Early-Titled-Tuesday-Blitz-September-26-2023"]
[Site "Chess.com"]
[Date "2023.09.26"]
[Round "2"]
[White "Agibileg"]
[Black "AnaKuchava"]
[Result "1-0"]
[WhiteElo "2662"]
[BlackElo "2236"]
[TimeControl "180+1"]
[EndTime "8:17:51 PDT"]
[Termination "Agibileg won by checkmate"]

1. d4 d5 2. c4 e6 3. Nc3 Be7 4. Nf3 Nf6 5. g3 O-O 6. Bg2 c5 7. cxd5 exd5 8. O-O Nc6 9. Bg5 c4 10. Ne5 Be6 11. b3 cxb3 12. Nxc6 bxc6 13. Qxb3 Qb6 14. Rfd1 Qxb3 15. axb3 Rfb8 16. Rdb1 h6 17. Bf4 Rb4 18. e3 Bf5 19. Rb2 a5 20. Bc7 a4 21. Rxa4 Raxa4 22. Nxa4 Bd3 23. Bf1 Bb5 24. Bxb5 Rxb5 25. Nc3 Rb7 26. Be5 Nd7 27. Kf1 Nxe5 28. dxe5 Bb4 29.
Na4 Kf8 30. Ke2 Ke7 31. Kd3 Ke6 32. f4 Rc7 33. Rc2 c5 34. e4 dxe4+ 35. Kxe4 Rd7 36. Nxc5+ Bxc5 37. Rxc5 Rd1 38. Rc6+ Ke7 39. Rc7+ Ke6 40.
f5# 1-0

[Event "Early-Titled-Tuesday-Blitz-September-26-2023"]
[Site "Chess.com"]
[Date "2023.09.26"]
[Round "2"]
[White "bazar-wokzal"]
[Black "bennyficial"]
[Result "1-0"]
[WhiteElo "2656"]
[BlackElo "2145"]
[TimeControl "180+1"]
[EndTime "8:17:51 PDT"]
[Termination "bazar-wokzal won on time"]

1. e4 c5 2. c3 Nf6 3. e5 Nd5 4. d4 cxd4 5. cxd4 Nc6 6. Nc3 Nxc3 7. bxc3 d6 8. f4 g6 9. Nf3 Bg4 10. d5 Nb8 11. Qa4+ Bd7 12. Qb3 Na6 13. Bxa6 bxa6 14. O-O Rb8 15. Qa3 Bg7 16. Be3 Bb5 17.
Rfd1 O-O 18. Bxa7 Rc8 19. Bd4 Rc4 20. Rac1 Ra4 21. Qb2 Be2 22. Qxe2 Qa5 23. Rc2 Qxd5 24. c4 Qa5 25. exd6 exd6 26. Bxg7 Kxg7 27. h4 Rc8 28. Kh2 Qf5 29. Kg3 Ra3 30. Rdd2 h5 31.
Kf2 Qxf4 32. Rd3 Ra5 33. Qe3 Qf5 34. Qd4+ Kh7 35. Qxd6 Re8 36. Qd4 Rae5 37. Rcd2 Re4 38.
Qd5 Qf6 39. Qg5 Qb6+ 40. c5 Qa5 41. Qd5 R4e5 42. Nxe5 1-0

[Event "Early-Titled-Tuesday-Blitz-September-26-2023"]
[Site "Chess.com"]
[Date "2023.09.26"]
[Round "2"]
[White "CraiggoryC"]
[Black "colegiodemadrid"]
[Result "0-1"]
[WhiteElo "2240"]
[BlackElo "2475"]
[TimeControl "180+1"]
[EndTime "8:17:51 PDT"]
[Termination "colegiodemadrid won on time"]

1. e4 e5 2. Nc3 Nf6 3. g3 d5 4. exd5 Nxd5 5. Bg2 Nxc3 6. bxc3 Nc6 7. Nf3 Bc5 8. O-O O-O 9. Re1 Qf6 10. d4 exd4 11.
Bg5 Qd6 12. Bf4 Qd7 13. cxd4 Nxd4 14. Ne5 Qa4 15. Nd3 Bb6 16. c3 Qxd1 17. Raxd1 Ne6 18.
Be3 Bxe3 19. Rxe3 c6 20. Bh3 a5 21. Bxe6 Bxe6 22. Nc5 Bc8 23. Re7 b6 24. Nd7 Bxd7 25.
Rdxd7 Rae8 26. Rxe8 Rxe8 27. Rc7 g6 28. Rxc6 Re1+ 29.
Kg2 Rb1 30. c4 Kg7 31. c5 b5 32. Rb6 b4 33. c6 Rc1 34. Rb5 Rxc6 35. Rxa5 Rc2 36.
Rb5 Rb2 37. Rb6 h5 38. h4 Kf8 39. Kf3 Ke7 40. Ke3 Kd7 41. Rf6 Ke7 42. Rb6 Kd7 43. Rf6 Rxa2 44. Rxf7+ Ke6 45. Rb7 Rb2 46.
f3 Rb3+ 47. Ke4 Rb1 48. Rb6+ Kf7 49. g4 b3 50. gxh5 gxh5 51. Kf4 b2 52. Rb7+ Ke6 53. Rb6+ Kd5 54. Kf5 Kc5 55. Rb8 Kd4 56. Rd8+ Ke3 57. Rb8 Kxf3 0-1

[Event "Early-Titled-Tuesday-Blitz-September-26-2023"]
[Site "Chess.com"]
[Date "2023.09.26"]
[Round "2"]
[White "FontVella8"]
[Black "vishwa_vijeta"]
[Result "0-1"]
[WhiteElo "2711"]
[BlackElo "2547"]
[TimeControl "180+1"]
[EndTime "8:17:53 PDT"]
[Termination "vishwa_vijeta won by resignation"]

1. e4 c5 2. Nf3 d6 3. d4 cxd4 4. Nxd4 Nf6 5. f3 e5 6. Nb3 Be6 7. c4 Nbd7 8. Nc3 Rc8 9. Be3 Bxc4 10. Bxc4 Rxc4 11. Qd3 Rc8 12. Bxa7 b6 13. O-O Be7 14. Rfd1 O-O 15. a4 Rxc3 16. bxc3 Qc7 17. Qa6 Ra8 18. Bxb6 Nxb6 19. Qb5 Rb8 20. Qd3 Nxa4 21. Rxa4 Rxb3 22. Ra8+ Rb8 23. Rxb8+ Qxb8 24. Rb1 Qc7 25. h3 g6 26.
Kf2 Kg7 27. Ke2 Nh5 28. Kd2 Nf4 29. Qf1 d5 30. g3 Ne6 31. exd5 Bg5+ 32. Kc2 Nd4+ 33. Kd3 Nf5 34. h4 Ne3 35. hxg5 Nxf1 36. Rxf1 Qb7 37. Ke4 Qb5 38. Rd1 Qc4+ 39. Kxe5 Qxc3+ 40. Kd6 Qxf3 41. Rd4 Qxg3+ 42. Kc5 Qxg5 43. Kc6 Kf8 44.
d6 Ke8 45. Re4+ Kd8 46. Ra4 Qg2+ 47. Kc5 Qc2+ 48. Kb5 Qxa4+ 0-1

[Event "Early-Titled-Tuesday-Blitz-September-26-2023"]
[Site "Chess.com"]
[Date "2023.09.26"]
[Round "2"]
[White "karinachess1"]
[Black "Denis_Makhnyov"]
[Result "0-1"]
[WhiteElo "2614"]
[BlackElo "2920"]
[TimeControl "180+1"]
[EndTime "8:17:54 PDT"]
[Termination "Denis_Makhnyov won by resignation"]

1. d4 d5 2. c4 Nc6 3. Nf3 Bg4 4. e3 e5 5. dxe5 dxc4 6. Qxd8+ Rxd8 7.
Bxc4 Nxe5 8. Be2 Nd3+ 9. Bxd3 Rxd3 10. Ke2 Rd8 11. Nc3 Nf6 12. b3 Be7 13. Bb2 O-O 14. Rhd1 a6 15. Rac1 b5 16. h3 Bc8 17. Nd4 Bd7 18. g4 g6 19. g5 Nh5 20. h4 c5 21. Nc2 Bc6 22. Rxd8 Rxd8 23. Rd1 f6 24. Rxd8+ Bxd8 25. f4 Ng3+ 26. Kf2 Nf5 27. e4 Nxh4 28. gxf6 Bxf6 29. e5 Be7 30. Ne3 Kf7 31. Ncd5 Bd8 32. Kg3 Ke6 33. Nc3 Nf5+ 34. Nxf5 Kxf5 35. Nd1 h5 36. Ne3+ Ke4 37. Ng2 g5 38. fxg5 Bxg5 39. Nh4 c4 40. bxc4 bxc4 41. e6 Bf4+ 42. Kh3 Bd6 43.
Ng6 Kf5 44. e7 Kxg6 0-1

[Event "Early-Titled-Tuesday-Blitz-September-26-2023"]
[Site "Chess.com"]
[Date "2023.09.26"]
[Round "2"]
[White "Fy_Rakotomaharo"]
[Black "Dacean99"]
[Result "1-0"]
[WhiteElo "2713"]
[BlackElo "2526"]
[TimeControl "180+1"]
[EndTime "8:17:55 PDT"]
[Termination "Fy_Rakotomaharo won by resignation"]

1. Nf3 d5 2. b3 Nf6 3. Bb2 c5 4. e3 Nc6 5. Bb5 Bg4 6. h3 Bh5 7. g4 Bg6 8. Ne5 Rc8 9. d3 e6 10. h4 Qa5+ 11. Nc3 d4 12. Bxc6+ bxc6 13. Nc4 Qc7 14.
Na4 dxe3 15. Nxe3 h5 16. g5 Nd5 17. Qf3 Qa5+ 18. Kf1 Nxe3+ 19. Qxe3 Bd6 20. Bxg7 Rg8 21. Bc3 Qd8 22. Re1 Be7 23. Kg2 Bf5 24. Nxc5 Bxg5 25. hxg5 Rxg5+ 26. Kf1 Qd5 27. Ne4 Bxe4 28. dxe4 Qb5+ 29.
Qd3 Qc5 30. Bd4 Qd6 31. Be3 Qxd3+ 32. cxd3 Ra5 33. Re2 Rb8 34. Rc2 Rbb5 35. Ke2 Kd7 36. f4 f6 37. Rg1 h4 38. Rg7+ Kd6 39. Rh7 Rh5 40. Rxh5 Rxh5 41. Kf3 Rh8 42. Rh2 f5 43. Bf2 h3 44. Bd4 Rh5 45. Be5+ Kc5 46. Kg3 fxe4 47. dxe4 Kb4 48. Rxh3 Rxh3+ 49. Kxh3 Ka3 50.
f5 exf5 51. exf5 Kxa2 52. f6 c5 53. f7 Kxb3 54. f8=Q c4 55. Qb8+ 1-0

[Event "Early-Titled-Tuesday-Blitz-September-26-2023"]
[Site "Chess.com"]
[Date "2023.09.26"]
[Round "2"]
[White "maracayo"]
[Black "RafalBRC"]
[Result "0-1"]
[WhiteElo "2391"]
[BlackElo "2106"]
[TimeControl "180+1"]
[EndTime "8:17:57 PDT"]
[Termination "RafalBRC won on time"]

1. e4 e6 2. d3 d5 3. Nd2 dxe4 4. dxe4 c5 5. Ngf3 Nc6 6. Bb5 Bd7 7. Qe2 a6 8. Bxc6 Bxc6 9. O-O Nf6 10. Rd1 Qc7 11.
e5 Nd7 12. Nc4 Bd5 13. Nd6+ Bxd6 14. exd6 Qc6 15. Bf4 h6 16. Ne5 Nxe5 17. Qxe5 O-O 18. Rd3 f6 19. Qh5 Be4 20. Rg3 e5 21. Bxh6 Rf7 22. Be3 Qxd6 23. Re1 Bxc2 24. h4 f5 25. Rg6 Qe7 26. Bg5 Qe8 27. Bf4 e4 28. Qg5 Qd8 29. h5 Qxg5 30. Rxg5 Rf6 31. h6 Rxh6 32. Rc1 Bd3 33.
Rxc5 Re6 34. Rc7 g6 35. g4 Rf8 36. gxf5 Rxf5 37. Rxf5 gxf5 38. f3 e3 39. Bg3 e2 40.
Be1 Rc6 41. Kf2 Rxc7 42. f4 Rc1 0-1

[Event "Early-Titled-Tuesday-Blitz-September-26-2023"]
[Site "Chess.com"]
[Date "2023.09.26"]
[Round "2"]
[White "BlueWizzard"]
[Black "lolo9292"]
[Result "1-0"]
[WhiteElo "2916"]
[BlackElo "2179"]
[TimeControl "180+1"]
[EndTime "8:17:58 PDT"]
[Termination "BlueWizzard won on time"]

1. d4 d5 2. Nc3 Nf6 3. Nf3 c5 4. Bg5 e6 5. e4 cxd4 6. Qxd4 Nc6 7. Bb5 Be7 8. exd5 exd5 9. Ne5 Bd7 10. Bxc6 bxc6 11.
O-O O-O 12. Rfe1 Re8 13. Re2 Rb8 14. Rae1 Bf8 15. Nxd7 Qxd7 16. Bxf6 gxf6 17. b3 Rxe2 18. Rxe2 Re8 19. Kf1 f5 20. Rxe8 Qxe8 21. Qxa7 Bg7 22.
Qc5 Qe5 23. Nd1 Qxh2 24. Qxc6 Qh1+ 25. Ke2 Qxg2 26. Qc8+ Bf8 27. Qxf5 d4 28. Qf3 Qg6 29. Qg3 Qxg3 30. fxg3 Bd6 31. g4 Kg7 32. Kd3 Be5 33. a4 Kg6 34. Ke4 f6 35. a5 Kg5 36. Nf2 Bg3 37. a6 Bb8 38. Kd5 Ba7 39. Kc6 d3 40.
Nxd3 Kxg4 41. Kb7 Bd4 42. a7 Bxa7 43. Kxa7 f5 44. b4 f4 45. b5 f3 46. b6 f2 47.
Nxf2+ 1-0

[Event "Early-Titled-Tuesday-Blitz-September-26-2023"]
[Site "Chess.com"]
[Date "2023.09.26"]
[Round "2"]
[White "Iball95"]
[Black "JosefineHeinemann"]
[Result "1/2-1/2"]
[WhiteElo "2775"]
[BlackElo "2583"]
[TimeControl "180+1"]
[EndTime "8:17:59 PDT"]
[Termination "Game drawn - insufficient material"]

1. e4 c5 2. Nf3 d6 3. Nc3 Nf6 4.
d4 cxd4 5. Qxd4 Nc6 6. Bb5 Bd7 7. Bxc6 Bxc6 8. Bg5 e6 9. O-O-O Be7 10. Rhe1 O-O 11.
e5 dxe5 12. Nxe5 Qxd4 13. Rxd4 Rac8 14. Nxc6 Rxc6 15. Ne4 Rfc8 16. Re2 h6 17. Nxf6+ Bxf6 18. Bxf6 gxf6 19. c3 f5 20. Kc2 Kg7 21. Re3 Kf6 22. Rh3 Rh8 23. Rd7 Rb6 24. a4 a5 25. Rh4 h5 26.
Rc4 Rg8 27. g3 Rg4 28. Rcc7 Rxa4 29. Rxf7+ Ke5 30. Rxb7 Rxb7 31. Rxb7 h4 32. Kd3 hxg3 33. hxg3 Ra2 34. Rb5+ Kd6 35. c4 a4 36. Kd4 a3 37.
c5+ Kd7 38. bxa3 Rxf2 39. Rb7+ Kc6 40. Rb6+ Kd7 41. a4 Ra2 42. Ra6 Ra3 43. Ke5 Rxg3 44. Rd6+ Kc7 45. Rxe6 Ra3 46. Kd5 Rxa4 47. Re7+ Kd8 48.
Rf7 Ra6 49. Rxf5 Rh6 50. Re5 Kc7 51. Kc4 Kc6 52. Re4 Rg6 53. Rf4 Rh6 54. Kb4 Rg6 55. Rd4 Rh6 56. Rg4 Rf6 57. Kc4 Rh6 58. Kd4 Rf6 59.
Rh4 Rg6 60. Rf4 Rh6 61. Rg4 Rf6 62. Rg8 Rf4+ 63. Ke5 Rh4 64. Rc8+ Kd7 65. Ra8 Kc6 66. Rc8+ Kd7 67. Rf8 Kc6 68. Rf4 Rxf4 69. Kxf4 Kxc5 1/2-1/2

[Event "Early-Titled-Tuesday-Blitz-September-26-2023"]
[Site "Chess.com"]
[Date "2023.09.26"]
[Round "2"]
[White "TregubovP"]
[Black "Chessbard1972"]
[Result "1/2-1/2"]
[WhiteElo "2644"]
[BlackElo "2371"]
[TimeControl "180+1"]
[EndTime "8:17:59 PDT"]
[Termination "Game drawn by repetition"]

1. e4 e5 2. Nf3 Nc6 3. Bb5 f5 4. Nc3 Nf6 5. exf5 e4 6. Ng5 d5 7. d3 Bxf5 8. dxe4 dxe4 9. Qe2 Qe7 10. Qc4 Bd7 11. Ngxe4 Nxe4 12. Qxe4 O-O-O 13. O-O Qf7 14. Bg5 Re8 15. Qf4 Qh5 16. Qh4 Qf7 17. Rfe1 Bc5 18. Bc4 Bxf2+ 19. Qxf2 Qxc4 20. Rxe8+ Rxe8 21. Re1 Rxe1+ 22. Qxe1 Qe6 23. Qxe6 Bxe6 24. Be3 Bf5 25. Kf2 Bxc2 26. Nd5 Kd7 27. a3 Be4 28. Nc3 Bf5 29. h3 h5 30. Nd5 a6 31. Nf4 g6 32. g4 hxg4 33. hxg4 Be4 34. Bd2 Ne5 35. Ke3 Bb1 36.
g5 Nc4+ 37. Ke2 Nxd2 38. Kxd2 Kd6 39. Ke3 Ke5 40. Ne2 Kf5 41. Nc3 Bc2 42. Nd5 c6 43.
Nf6 Kxg5 44. Nd7 Kh4 45. Nc5 g5 46. Nxb7 g4 47. Kf2 Kh3 48. Kg1 Kg3 49. Nc5 a5 50. b4 a4 51. Ne6 Be4 52. Nc5 Bc2 53. Ne6 Be4 54. Nc5 Bc2 1/2-1/2

[Event "Early-Titled-Tuesday-Blitz-September-26-2023"]
[Site "Chess.com"]
[Date "2023.09.26"]
[Round "2"]
[White "ViktoriyaTarasova"]
[Black "TimofeevAr"]
[Result "0-1"]
[WhiteElo "2402"]
[BlackElo "2869"]
[TimeControl "180+1"]
[EndTime "8:17:59 PDT"]
[Termination "TimofeevAr won by resignation"]

1. d4 e6 2. c4 Bb4+ 3. Nc3 Qe7 4. Nf3 Nf6 5. Qc2 d6 6. e4 Bxc3+ 7. bxc3 e5 8. Bd3 h6 9. O-O O-O 10. a4 c5 11. d5 Nh7 12. Nd2 Nd7 13. a5 Re8 14. Re1 Ndf8 15. Nf1 Ng6 16. g3 Bh3 17. Ne3 Ng5 18. Be2 Qd7 19. f3 Rf8 20. Nf5 Nh7 21. Bf1 Bxf1 22. Rxf1 Ne7 23. g4 h5 24. Qg2 hxg4 25. fxg4 g6 26. Bh6 Rfe8 27. h4 f6 28. Ng7 Rf8 29. Ne6 Rf7 30. Rf2 Kh8 31. Kh1 Rg8 32. Be3 f5 33. exf5 gxf5 34. g5 f4 35. Bd2 Nf5 36. Qg4 Nf8 37. Rg1 Nxe6 38. dxe6 Qxe6 39.
h5 Rh7 40. g6 Rh6 41. Qg5 Kg7 42. Kg2 Rgh8 43. Rh1 Ng3 44. Rh4 Rxh5 45. Rxh5 Rxh5 46. Qd8 Qh3+ 0-1

[Event "Early-Titled-Tuesday-Blitz-September-26-2023"]
[Site "Chess.com"]
[Date "2023.09.26"]
[Round "2"]
[White "Antik5"]
[Black "Korchmar_Vasiliy"]
[Result "0-1"]
[WhiteElo "2373"]
[BlackElo "2703"]
[TimeControl "180+1"]
[EndTime "8:17:59 PDT"]
[Termination "Korchmar_Vasiliy won on time"]

1. c4 e6 2. Nc3 d5 3. d4 Nf6 4.
cxd5 exd5 5. Bg5 Be7 6. e3 h6 7.
Bh4 Bg4 8. Qc2 O-O 9. Bd3 c5 10. dxc5 Nc6 11. Nge2 Bxc5 12. Bxf6 Qxf6 13. Nxd5 Qg5 14.
Nec3 Be6 15. Nf4 Nb4 16. Qe2 Bg4 17. f3 Nxd3+ 18. Nxd3 Bxe3 19. Ne4 Qa5+ 20. b4 Qb6 21. fxg4 Qd4 22. Rd1 Qxe4 23. Qf3 Qe6 24. Kf1 Rad8 25. h4 Rfe8 26. Rh3 Qxa2 27. Qe2 Qa4 28. Re1 Bb6 29. Qf3 Rxe1+ 30. Nxe1 Qxb4 31. Qe2 Qd4 32. Nf3 Qa1+ 33. Ne1 a5 34. g5 Qd4 35. Nf3 Qd1+ 36.
Qxd1 Rxd1+ 37. Ke2 Rb1 38. gxh6 gxh6 39. Rg3+ Kf8 40. Ne5 Ke7 41. Rg4 Ke6 42. Nc4 Bc7 43. g3 b5 0-1

[Event "Early-Titled-Tuesday-Blitz-September-26-2023"]
[Site "Chess.com"]
[Date "2023.09.26"]
[Round "2"]
[White "Witik"]
[Black "BigAl"]
[Result "1-0"]
[WhiteElo "2749"]
[BlackElo "2548"]
[TimeControl "180+1"]
[EndTime "8:18:00 PDT"]
[Termination "Witik won on time"]

1. e4 c6 2. d4 d5 3. e5 Bf5 4. h4 c5 5. dxc5 Nc6 6. Bb5 Qc7 7. Nf3 Bg4 8. Qxd5 e6 9. Qe4 Bxf3 10. gxf3 Bxc5 11. Nc3 Ne7 12. Be3 Bxe3 13. fxe3 O-O-O 14. f4 Nf5 15. Rg1 Qb6 16. Bxc6 bxc6 17. Na4 Qxe3+ 18. Qxe3 Nxe3 19. Ke2 Nxc2 20. Rac1 Nd4+ 21.
Kf2 g6 22. Rc4 Rd5 23. Nc5 Nf5 24. Ne4 Kd7 25. Nf6+ Kc7 26. Nxd5+ exd5 27. Rc3 Kb6 28. Rgc1 Rc8 29. Rb3+ Kc7 30. h5 gxh5 31. Rg1 c5 32. Rg5 Nd4 33. Rc3 Kd7 34. Rxh5 c4 35. Ra3 Nc6 36.
Rxh7 Ke6 37. Ra6 d4 38. Rh6+ Kd5 39. Rd6+ Kc5 40. a3 f5 41. Rf6 d3 42. Ke3 1-0

[Event "Early-Titled-Tuesday-Blitz-September-26-2023"]
[Site "Chess.com"]
[Date "2023.09.26"]
[Round "2"]
[White "Er_is_geen_hoop_meer"]
[Black "SaqoChess_Twitch"]
[Result "1-0"]
[WhiteElo "2450"]
[BlackElo "2674"]
[TimeControl "180+1"]
[EndTime "8:18:00 PDT"]
[Termination "Er_is_geen_hoop_meer won by checkmate"]

1. g3 d5 2. Bg2 e6 3. d3 Nf6 4.
Nd2 Be7 5. e4 O-O 6. Ne2 dxe4 7.
dxe4 e5 8. O-O Nc6 9. Nc4 Bg4 10. f3 Bc5+ 11. Kh1 Qxd1 12. Rxd1 Be6 13. Ne3 Rfd8 14. c3 Bxe3 15. Rxd8+ Rxd8 16. Bxe3 Bc4 17. Bf1 Rd3 18. Ng1 Rxe3 19. Bxc4 Na5 20. Bf1 Kf8 21. Kg2 Nxe4 22. fxe4 Rxe4 23. Rd1 Ke7 24. Be2 Ra4 25. a3 Nc4 26. Bxc4 Rxc4 27. Nf3 f6 28. Nd2 Rc6 29. Ne4 a5 30. g4 a4 31. Kf3 b5 32. Rd5 Rb6 33.
Rc5 c6 34. h4 Kd7 35. Ke3 Rb8 36. Kd2 Kc7 37. Kc2 Kb6 38. c4 Rd8 39. cxb5 cxb5 40.
Rc3 Rd4 41. Re3 Kc6 42. h5 Kd5 43. Nc3+ Kc6 44. Re4 Rd7 45. g5 Kc5 46. h6 fxg5 47. Rxe5+ Kc4 48. Rxg5 gxh6 49. Rxb5 Rg7 50. Rb4+ Kc5 51.
Rxa4 h5 52. Rh4 Rg5 53. Ne4+ Kb5 54. Nxg5 h6 55. Ne4 Ka4 56. Nc3+ Ka5 57. Rxh5+ Ka6 58. Rxh6+ Ka5 59. b4# 1-0

[Event "Early-Titled-Tuesday-Blitz-September-26-2023"]
[Site "Chess.com"]
[Date "2023.09.26"]
[Round "2"]
[White "chezzgirl04"]
[Black "HSH1987"]
[Result "1-0"]
[WhiteElo "2160"]
[BlackElo "2639"]
[TimeControl "180+1"]
[EndTime "8:18:01 PDT"]
[Termination "chezzgirl04 won on time"]

1. e4 d6 2. d4 Nf6 3. Bd3 g6 4. f4 Bg7 5. Nf3 O-O 6. O-O c5 7. c3 cxd4 8. cxd4 d5 9. e5 Ne4 10. Nbd2 Bf5 11. Nh4 e6 12. Qe1 Nc6 13. Nb3 Qb6 14.
Be3 a5 15. Rb1 Nb4 16. Nxf5 gxf5 17. Bxe4 fxe4 18. f5 Nc2 19. Qg3 exf5 20. Rxf5 h6 21. Rf6 Nxe3 22. Rxb6 Nf5 23. Qf4 Ne7 24. Rf1 a4 25. Nc5 Ng6 26. Qg4 a3 27. Nd7 axb2 28. Rxb2 Rfc8 29. Rxb7 Rxa2 30. Nf6+ Bxf6 31. exf6 Rcc2 32.
Rb8+ Kh7 33. Rf8 Rxg2+ 34. Qxg2 Rxg2+ 35. Kxg2 Nh4+ 36. Kh3 Nf3 37. Rxf7+ Kg6 38. Rf8 Nxd4 39. Rg1+ Kf5 40. f7 Ne6 41. Re8 Nf4+ 42. Kh4 1-0

[Event "Early-Titled-Tuesday-Blitz-September-26-2023"]
[Site "Chess.com"]
[Date "2023.09.26"]
[Round "2"]
[White "Smile2005"]
[Black "LUISMIGUELOV"]
[Result "1/2-1/2"]
[WhiteElo "2426"]
[BlackElo "2141"]
[TimeControl "180+1"]
[EndTime "8:18:02 PDT"]
[Termination "Game drawn by repetition"]

1. e4 c6 2. Nf3 d5 3. d3 dxe4 4. dxe4 Qxd1+ 5. Kxd1 Bg4 6. Be2 f6 7. Be3 e5 8. Nfd2 Be6 9. Bc4 Bxc4 10. Nxc4 Nd7 11.
a4 Bc5 12. Ke2 O-O-O 13. Rd1 Ne7 14. Nc3 Kc7 15. a5 a6 16. Na4 Bxe3 17. Kxe3 Ng6 18. g3 Nb8 19. f4 exf4+ 20. gxf4 Rxd1 21. Rxd1 Rd8 22. Rxd8 Kxd8 23. Nc5 Nd7 24. Ne6+ Ke7 25. Nxg7 Nh4 26. Nf5+ Nxf5+ 27. exf5 Nc5 28. b4 Nd7 29. Nb2 c5 30. c3 cxb4 31. cxb4 Nb8 32. Nd3 Nc6 33.
Ke4 Kd6 34. Nc5 Nxb4 35. Nxb7+ Ke7 36. Nc5 Nc6 37. Nxa6 Nxa5 38. Nb4 Nc4 39. Nd5+ Kf7 40. Kf3 Nd6 41. Kg4 Kg7 42. h4 Ne4 43. h5 Nf2+ 44.
Kf3 Nd3 45. Nc7 Nc5 46. Ne6+ Nxe6 47. fxe6 f5 48. Ke3 Kf6 49. e7 Kxe7 50. Kd4 Kd6 51. h6 Ke6 52. Kc5 Kf6 53. Kd5 Kg6 54. Ke5 Kxh6 55.
Kxf5 Kg7 56. Ke6 Kf8 57. Kf6 h5 58. Kg5 Kf7 59. Kxh5 Kf6 60. Kg4 Kg6 61. f5+ Kf6 62. Kf4 Kf7 63. Ke5 Ke7 64. Ke4 Kf6 65. Kf4 Kf7 66. Kg5 Kg7 67. Kg4 Kf6 68. Kf4 1/2-1/2

[Event "Early-Titled-Tuesday-Blitz-September-26-2023"]
[Site "Chess.com"]
[Date "2023.09.26"]
[Round "2"]
[White "Lennis93"]
[Black "Kleyton_Lima"]
[Result "1/2-1/2"]
[WhiteElo "2728"]
[BlackElo "2546"]
[TimeControl "180+1"]
[EndTime "8:18:03 PDT"]
[Termination "Game drawn by repetition"]

1. b3 Nf6 2. Bb2 g6 3. Bxf6 exf6 4. c4 d5 5. cxd5 Qxd5 6. Nc3 Qa5 7. e3 Ba3 8. Nge2 O-O 9. g3 Bg4 10. Bg2 Bb2 11.
Rb1 Bxe2 12. Nxe2 Ba3 13. Bxb7 Nd7 14. Bxa8 Rxa8 15. O-O Bb4 16. Qc2 Bxd2 17. b4 Bxb4 18. Qc6 Rd8 19. Rxb4 Qxb4 20. Qxc7 Qb6 21. Rc1 Ne5 22.
Qxb6 axb6 23. Nd4 Ra8 24. Rc2 Kg7 25. h3 h5 26. Kf1 Ra3 27. Ke2 Nd7 28. Nb5 Ra5 29.
Nd6 Nc5 30. Kf3 f5 31. Nc4 Rb5 32. Nxb6 Rxb6 33. Rxc5 Ra6 34. Rc2 Ra3 35. Rb2 Kf6 36. Kf4 Ra4+ 37. Kf3 Ra3 38. Ke2 Ra6 39. h4 g5 40. hxg5+ Kxg5 41. Kf3 Ra4 42. Rb7 Kg6 43. Rb6+ Kg5 44. Rb5 Rxa2 45. e4 Ra3+ 46. Kg2 Ra4 47. Rxf5+ Kg6 48. f3 Ra1 49. Rb5 Rc1 50. Rb6+ Kg7 51.
f4 Re1 52. e5 Ra1 53. Rf6 Rb1 54. Rf5 Kg6 55. Rg5+ Kh6 56. Rg8 Ra1 57. Kf3 Ra4 58.
Kg2 Ra1 59. Kh3 Rh1+ 60. Kg2 Ra1 1/2-1/2